 Dungeon Crawl Stone Soup version 0.18.1-6-gd335043 (webtiles) character file.

109 epen the Distorting Demonspawn (level 4, -5/35 HPs)
             Began as a Demonspawn Abyssal Knight on May 20, 2016.
             Was a Believer of Lugonu.
             Killed by divine providence
             ... invoked by an orc priest
              (16 damage)
             ... on level 3 of the Dungeon.
             The game lasted 00:04:38 (2217 turns).

epen the Distorting Demonspawn (DsAK)               Turns: 2217, Time: 00:04:38

Health: -5/35      AC:  5    Str: 13    XL:     4   Next: 60%
Magic:  7/7        EV: 10    Int: 13    God:    Lugonu [**....]
Gold:   170        SH:  3    Dex: 13    Spells: 0 memorised, 3 levels left

rFire  . . .     SeeInvis .       - Unarmed
rCold  . . .     Gourm    .     n - +0 ring mail
rNeg   . . .     Faith    .     m - +0 buckler
rPois  .         Spirit   .     (no helmet)
rElec  .         Dismiss  .     (no cloak)
rCorr  .         Reflect  .     (no gloves)
SustAt .         Harm     .     (no boots)
MR     .....                    (no amulet)
Stlth  +.........               (no ring)
                                (no ring)

@: not resistant to hostile enchantments, very unstealthy
A: powered by death 1
a: Depart the Abyss, Bend Space, Renounce Religion


You were on level 3 of the Dungeon.
You worshipped Lugonu.
Lugonu was pleased with you.
You were not hungry.

You visited 1 branch of the dungeon, and saw 3 of its levels.
You visited the Abyss 1 time.

You collected 170 gold pieces.

Inventory:

Armour
 a - a +0 leather armour
 h - a +0 scale mail
 m - a +0 buckler (worn)
 n - a +0 ring mail (worn)
Jewellery
 o - an uncursed amulet of harm {unknown}
Scrolls
 d - a scroll of noise {unknown}
 e - 3 scrolls of magic mapping {unknown}
 f - 3 scrolls of identify {unknown}
 g - 2 scrolls of amnesia {unknown}
 l - a scroll of teleportation {unknown}
 q - a scroll of enchant weapon {unknown}
 y - a scroll of remove curse {unknown}
 z - a scroll of random uselessness {unknown}
Potions
 i - a potion of cure mutation {unknown}
 k - a potion of berserk rage {unknown}
 p - a potion of might {unknown}
 s - a potion of heal wounds {unknown}
 t - a potion of brilliance {unknown}
 v - a potion of mutation {unknown}
 w - 2 potions of degeneration {unknown}
 x - a potion of lignification {unknown}
Comestibles
 b - 2 bread rations
 c - 3 meat rations
 j - 2 slices of pizza


   Skills:
 + Level 3.2 Fighting
 + Level 2.2 Armour
 + Level 1.7 Dodging
 + Level 0.6 Shields
 * Level 2.6 Unarmed Combat
 * Level 4.0 Invocations


You had 3 spell levels left.
You didn't know any spells.

Dungeon Overview and Level Annotations

Branches:
Dungeon (3/15)

Altars:
Ru
Zin


Innate Abilities, Weirdness & Mutations

You regenerate a little health from kills.


Message History

You are too injured to fight recklessly!
You are too injured to fight recklessly!
Drink which item? (? for menu, Esc to quit)
You feel better. The orc priest hits you with a flail.
* * * LOW HITPOINT WARNING * * *
You are too injured to fight recklessly!
You are too injured to fight recklessly!
You are too injured to fight recklessly!
You are too injured to fight recklessly!
You are too injured to fight recklessly!
You closely miss the orc priest.
The orc priest is heavily wounded.
The orc priest completely misses you.
You barely miss the orc priest.
The orc priest is heavily wounded.
You hit the orc priest.
The orc priest is severely wounded.
The orc priest calls down the wrath of Beogh upon you.
Beogh smites you!
You die...

##(##################
#..(...............#
#######.........###.# ####
........#######.# #.#
#..######## .######## #.#
#.# #..)....... ## ####
### #.###.######### .....
#...)......####
..#...########..........
.....oo@..# #..###.####
..#...###.# #..# #.# .....
#.# #..# #.# ##
#############.# #..# #.###
..# #..........##.# #..#
#...# .#.# #.#.######.##.#
#..# #####
.#.###.#.##...#.##.####..#
.........#>...>.........#
#.###.#...............#.#


You could see an orc priest and an orc.

Vanquished Creatures
  4 adders
  An ooze (D:1)
  2 worms (D:3)
  A dart slug (D:1)
  A giant gecko (D:2)
  10 orcs (D:3)
  A giant cockroach (D:2)
  3 goblins
  6 hobgoblins
  2 jackals (D:1)
  7 kobolds
  7 bats (D:1)
  2 giant newts (D:1)
  2 rats
49 creatures vanquished.

Vanquished Creatures (others)
  A kobold (D:1)
1 creature vanquished.

Grand Total: 50 creatures vanquished

Notes
Turn   | Place    | Note
--------------------------------------------------------------
     0 | Abyss:1  | epen the Demonspawn Abyssal Knight began the quest for the Orb.
     0 | Abyss:1  | Reached XP level 1. HP: 18/18 MP: 2/2
     7 | Abyss:1  | Found a corrupted altar of Lugonu.
    36 | Abyss:1  | Noticed a smoke demon
    38 | Abyss:1  | Noticed a ynoxinul
    62 | Abyss:1  | Noticed a neqoxec
    63 | D:1      | Escaped the Abyss
    94 | D:1      | Reached skill level 1 in Dodging
   102 | D:1      | Reached * piety under Lugonu
   339 | D:1      | Gained mutation: You regenerate a little health from kills. [demonic ancestry]
   339 | D:1      | Reached XP level 2. HP: 9/24 MP: 4/4
   815 | D:1      | Reached skill level 3 in Invocations
  1139 | D:1      | Reached XP level 3. HP: 29/29 MP: 5/5
  1523 | D:2      | Found a glowing silver altar of Zin.
  1645 | D:3      | Found a sacrificial altar of Ru.
  1649 | D:3      | Reached XP level 4. HP: 31/35 MP: 6/6
  1776 | D:3      | Reached ** piety under Lugonu
  1945 | D:3      | Reached skill level 4 in Invocations
  2217 | D:3      | Killed from afar by an orc priest

Skill      XL: |  1  2  3  4 |
---------------+-------------+-----
Dodging        | 1 |  1.7
Unarmed Combat | 2 |  2.6
Invocations    | 3 4 |  4.0
Armour         | 2 |  2.2
Fighting       | |  3.2
Shields        | |  0.6

Action                   |  1- 3 |  4- 6 || total
-------------------------+-------+-------++-------
Melee: Unarmed           |   186 |   135 ||   321
Invok: Depart the Abyss  |     1 |       ||     1
  Use: Potion            |       |     2 ||     2
 Stab: Sleeping          |     1 |       ||     1
  Eat: Chunk             |     3 |     2 ||     5
Armor: Leather armour    |    69 |       ||    69
       Ring mail         |    16 |    21 ||    37
Dodge: Dodged            |   140 |    42 ||   182
Block: Buckler           |    20 |    16 ||    36
